Map: Data-C

Players

Oberoth

  • Race: Protoss Protoss
  • Spawn Location: 3:00

Rhizer - Winner!

  • Race: Protoss Protoss
  • Spawn Location: 9:00

Event: DreamHack SC2 Masters 2022 Atlanta (Offline)

VOD

Have the link to the VOD?

Description

Time

  • Played on: Nov. 18, 2022, 1:18 p.m.
  • Length: 8:22

All games in this series

Show
View Real Time Build Order
Export as new Build Order

Oberoth Protoss 

Build Orders: Oracle Opening 

Get SALT Encoding   

  12  0:00  Probe  
  13  0:12  Probe  
  14  0:17  Pylon  
  14  0:24  Probe (Chrono Boost)  
  15  0:37  Probe (Chrono Boost), Gateway  
  16  0:44  Probe (Chrono Boost)  
  16  0:46  Assimilator  
  17  0:51  Probe  
  17  0:55  Assimilator  
  18  1:03  Probe  
  19  1:08  Gateway  
  19  1:15  Probe (Chrono Boost)  
  21  1:26  Probe (Chrono Boost)  
  21  1:27  Cybernetics Core  
  21  1:30  Probe (Chrono Boost)  
  22  1:37  Pylon  
  22  1:43  Probe  
  23  1:55  Probe  
  24  2:03  Stalker  
  24  2:04  Stalker  
  28  2:15  Stargate  
  28  2:19  Warp Gate  
  28  2:25  Pylon  
  28  2:41  Stalker  
  30  2:46  Pylon  
  30  3:03  Oracle (Chrono Boost)  
  33  3:09  Nexus  
  33  3:17  Probe  
  34  3:27  Shield Battery  
  32  3:29  Probe  
  32  3:33  Stalker  
  35  3:42  Probe  
  36  3:49  Shield Battery  
  36  3:54  Probe  
  37  4:06  Probe  
  37  4:09  Pylon  
  38  4:18  Probe  
  38  4:20  Oracle (Chrono Boost)  
  38  4:22  Shield Battery  
  42  4:29  Probe  
  39  4:36  Probe (Chrono Boost)  
  39  4:39  Twilight Council, Stalker  
  39  4:41  Probe (Chrono Boost)  
  39  4:44  Stalker  
  44  4:48  Probe (Chrono Boost)  
  46  4:53  Probe (Chrono Boost)  
  46  4:57  Probe (Chrono Boost)  
  46  4:59  Probe (Chrono Boost)  
  47  5:02  Probe  
  43  5:08  Probe  
  43  5:14  Probe  
  43  5:20  Probe  
  42  5:26  Probe  
  43  5:32  Probe  
  44  5:38  Probe (Chrono Boost)  
  44  5:39  Stalker x2  
  44  5:40  Phoenix  
  51  5:43  Blink (Chrono Boost)  
  51  5:44  Probe (Chrono Boost)  
  52  5:50  Probe (Chrono Boost)  
  52  5:55  Probe (Chrono Boost)  
  53  5:57  Probe (Chrono Boost)  
  51  6:06  Probe  
  51  6:07  Stalker x2  
  51  6:09  Probe  
  57  6:18  Probe  
  58  6:21  Probe  
  58  6:22  Pylon  
  59  6:30  Probe  
  59  6:31  Stalker  
  62  6:35  Pylon  
  62  6:38  Robotics Facility  
  62  6:40  Probe  
  62  6:42  Probe, Stalker  
  64  6:52  Probe, Gateway  
  65  6:54  Probe, Gateway  
  66  7:05  Stalker x2  
  70  7:10  Pylon  
  70  7:12  Pylon  
  70  7:23  Probe  
  69  7:30  Stalker x2  
  69  7:32  Probe  
  74  7:37  Probe  
  73  7:55  Stalker x4  
  81  7:59  Probe  
  81  8:00  Probe  
Show
View Real Time Build Order
Export as new Build Order

Rhizer Protoss - Winner!

Build Orders: Oracle Opening 

Get SALT Encoding   

  12  0:00  Probe  
  13  0:12  Probe  
  14  0:17  Pylon  
  14  0:24  Probe (Chrono Boost)  
  15  0:36  Probe (Chrono Boost)  
  15  0:37  Gateway  
  16  0:44  Probe (Chrono Boost)  
  16  0:46  Assimilator  
  17  0:51  Probe  
  17  0:55  Assimilator  
  18  1:03  Probe (Chrono Boost)  
  19  1:09  Gateway  
  19  1:13  Probe (Chrono Boost)  
  20  1:18  Probe (Chrono Boost)  
  21  1:26  Cybernetics Core  
  21  1:30  Probe  
  22  1:37  Pylon  
  22  1:42  Probe  
  23  1:55  Probe  
  24  2:02  Stalker  
  24  2:04  Stalker  
  24  2:05  Warp Gate (Chrono Boost)  
  28  2:10  Probe  
  29  2:21  Pylon  
  29  2:33  Stargate  
  29  2:37  Adept  
  29  2:40  Adept  
  33  2:44  Probe  
  34  2:56  Shield Battery  
  34  2:59  Probe  
  35  3:11  Probe  
  38  3:25  Oracle (Chrono Boost)  
  38  3:29  Pylon  
  38  3:37  Nexus  
  38  3:38  Probe  
  39  3:50  Probe  
  39  3:55  Oracle  
  43  4:00  Twilight Council  
  43  4:03  Probe  
  44  4:10  Pylon  
  44  4:15  Probe  
  45  4:29  Probe, Blink (Chrono Boost)  
  42  4:38  Stalker x2  
  42  4:41  Shield Battery, Probe  
  47  4:49  Probe  
  48  4:53  Probe  
  49  5:01  Probe  
  49  5:06  Probe  
  51  5:09  Stalker x2  
  51  5:13  Probe  
  56  5:18  Probe  
  57  5:25  Gateway, Probe  
  57  5:26  Robotics Facility  
  58  5:30  Probe  
  58  5:31  Gateway  
  58  5:33  Stalker  
  61  5:36  Stalker  
  61  5:38  Probe  
  61  5:40  Assimilator  
  64  5:51  Pylon  
  64  5:58  Stalker  
  64  5:59  Stalker  
  68  6:08  Nexus  
  68  6:10  Probe  
  69  6:12  Warp Prism (Chrono Boost)  
  71  6:22  Pylon  
  71  6:31  Stalker x3  
  77  6:34  Probe  
  78  6:40  Probe  
  79  6:48  Observer, Pylon  
  79  6:54  Probe  
  81  6:55  Stalker x2  
  81  6:59  Probe  
  81  7:01  Forge  
  86  7:10  Probe  
  86  7:11  Probe  
  86  7:14  Stalker x2  
  92  7:26  Probe  
  93  7:33  Gateway  
  93  7:34  Stalker x2  
  97  7:39  Stalker x2  
  99  7:45  Probe x2  
  101  7:54  Probe  
  101  7:57  Probe  
  103  7:59  Probe  
  103  8:00  Photon Cannon  
  103  8:02  Stalker x2  
  108  8:06  Pylon  
  108  8:12  Pylon  
Tags
 
Add a new tag
Caveats
  • Supply blocks, unpowered buildings, or Contaminate may cause inaccurate times.
  • Supply counts are checked every 10 seconds.